[Event "Titled Tuesday Blitz March 28 Early 2023"]
[White "Bilan, Danila"]
[Black "Krzywda, Andrzej"]
[WhiteFideId "24161918"]
[BlackFideId "1114565"]
[WhiteElo "2182"]
[BlackElo "2155"]
[Result "1/2-1/2"]
[Round "10"]
[TimeControl "180+2"]
[Date "2023.03.28"]
[WhiteClock "0:00:04"]
[BlackClock "0:00:05"]

1. d4 Nf6 2. Nf3 d5 3. c4 dxc4 4. e3 e6 5. Bxc4 c5 6. O-O Nc6 7. Nc3 a6 8. a3 Be7 9. dxc5 Qxd1 10. Rxd1 Bxc5 11. b4 Be7 12. Bb2 O-O 13. b5 Na5 14. Ba2 Bd7 15. a4 Rfc8 16. Ne5 Be8 17. Rac1 Bb4 18. bxa6 Rxa6 19. Nb5 Rxc1 20. Rxc1 Nc6 21. Nc7 Rxa4 22. Bb3 Ra5 23. Nxe8 Nxe8 24. Nxc6 bxc6 25. Rxc6 Ra8 26. g3 Rd8 27. Bd4 Rb8 28. Kg2 Bf8 29. Ba4 Be7 30. Ra6 Bf6 31. Bxe8 Rxe8 32. Bxf6 gxf6 33. h4 Kg7 34. Kf3 f5 35. Ra7 Kg6 36. Ra4 Rc8 37. Rb4 Rc2 38. Rf4 Ra2 39. Rb4 Rc2 40. e4 fxe4+ 41. Rxe4 Rc3+ 42. Kg2 Rc2 43. Rg4+ Kf6 44. Rg8 Rc7 45. g4 Rc4 46. Kg3 Ke7 47. Rg7 h6 48. Rh7 Rc1 49. Rxh6 Rg1+ 50. Kf3 Rh1 51. h5 Rh3+ 52. Kg2 Ra3 53. Rh8 Kf6 54. f3 Ra1 55. Kg3 Ra2 56. Rh6+ Kg7 57. g5 Ra5 58. f4 e5 59. Rf6 exf4+ 60. Kxf4 Ra4+ 61. Kf5 Ra5+ 62. Kg4 Ra4+ 63. Rf4 Ra5 64. Rd4 Ra1 65. Kf5 Rf1+ 66. Rf4 Rh1 67. h6+ Kh7 68. Kf6 Kg8 69. Rf3 Ra1 70. Rf5 Ra6+ 71. Ke5 Ra5+ 72. Kf4 Ra4+ 73. Kg3 Ra3+ 74. Kg4 Ra4+ 75. Rf4 Ra6 76. Rd4 Rb6 77. Rd5 Ra6 78. Kf5 Rb6 79. Rd7 Rb1 80. Rd8+ Kh7 81. Rd4 Rf1+ 82. Rf4 Ra1 83. Kg4 Kg8 84. Rd4 Rg1+ 85. Kf5 Rf1+ 86. Ke5 Re1+ 87. Re4 Ra1 88. Kf6 Rf1+ 89. Ke7 Ra1 90. Rf4 Ra7+ 91. Kf6 Ra6+ 92. Kf5 Ra5+ 93. Kg4 Ra1 94. Kh5 Rh1+ 95. Rh4 Ra1 96. Rd4 Rh1+ 97. Kg4 Rg1+ 98. Kf5 Rf1+ 99. Rf4 Ra1 100. Rd4 Rf1+ 1/2-1/2


[Site "https://www.chess.com"]

[Event "Titled Tuesday Blitz March 28 Early 2023"]
[White "Buscar, Michael"]
[Black "Belov, Alexei"]
[WhiteFideId "2603616"]
[BlackFideId "4128206"]
[WhiteElo "2010"]
[BlackElo "2559"]
[Result "1-0"]
[Round "10"]
[TimeControl "180+2"]
[Date "2023.03.28"]
[WhiteClock "0:00:13"]
[BlackClock "0:00:03"]

1. d4 e6 2. Nf3 Nf6 3. c4 d5 4. cxd5 exd5 5. Qc2 c6 6. Bg5 Be7 7. e3 Nbd7 8. Bd3 O-O 9. O-O Re8 10. Nc3 Nf8 11. Ne5 Ng4 12. Bxe7 Qxe7 13. Rab1 Nxe5 14. dxe5 Qxe5 15. b4 a6 16. a4 g6 17. b5 axb5 18. axb5 c5 19. Rfd1 Ra3 20. Rbc1 c4 21. Be2 Bf5 22. Qd2 Rd8 23. Bxc4 Be6 24. Nxd5 Bxd5 25. Bxd5 Kg7 26. e4 f5 27. Qb4 Raa8 28. Bxb7 Rxd1+ 29. Rxd1 Ra1 30. Rb1 fxe4 31. Bxe4 Nd7 32. Rxa1 Qxa1+ 33. Qb1 Qd4 34. g3 Nb6 35. Bc6 Nc4 36. Qe4 Qd1+ 37. Kg2 Nd2 38. Qe7+ Kh6 39. Qe3+ Kg7 40. Qd3 Qc1 41. Bf3 Nc4 42. b6 Nxb6 43. Qd4+ Kh6 44. Qxb6 Qc8 45. Qe3+ Kg7 46. Qe7+ Kh6 47. h4 Qf5 48. h5 gxh5 49. Qd6+ Kg7 50. Qd5 Qxd5 51. Bxd5 Kg6 52. Kh3 Kg5 53. Bf3 h6 54. Be2 Kg6 55. Kh4 1-0


[Site "https://www.chess.com"]

[Event "Titled Tuesday Blitz March 28 Early 2023"]
[White "Janaszak, Dawid"]
[Black "Mrudul Dehankar"]
[WhiteFideId "1119206"]
[BlackFideId "25096990"]
[WhiteElo "2220"]
[BlackElo "2139"]
[Result "1-0"]
[Round "10"]
[TimeControl "180+2"]
[Date "2023.03.28"]
[WhiteClock "0:00:36"]
[BlackClock "0:00:03"]

1. e4 c6 2. d4 d5 3. exd5 cxd5 4. Bd3 Nf6 5. c3 Nc6 6. Bf4 g6 7. Nf3 Bg7 8. O-O O-O 9. Ne5 Bf5 10. Re1 Bxd3 11. Nxd3 Nd7 12. Qb3 Nb6 13. Nd2 Kh8 14. Nc5 Qc8 15. a4 Re8 16. a5 Nd7 17. Nxb7 a6 18. Bg3 Ra7 19. Nc5 Nxc5 20. dxc5 Rb7 21. Qa2 e6 22. Rac1 Qd8 23. b4 Na7 24. Nf3 Nb5 25. Be5 f6 26. Bg3 Bh6 27. Rc2 e5 28. Rd1 Rd7 29. h3 e4 30. Nd4 Nxd4 31. cxd4 f5 32. Be5+ Bg7 33. c6 Rde7 34. c7 Qd7 35. Bxg7+ Kxg7 36. Rdc1 Rc8 37. Rc5 Qe6 38. Qxd5 Qxd5 39. Rxd5 Rexc7 40. Rcc5 Rxc5 41. bxc5 Rc6 42. Rd7+ Kf6 43. Rb7 Ke6 44. Rb6 Kd5 45. Rxc6 Kxc6 46. Kf1 f4 47. h4 h6 48. Ke1 g5 49. hxg5 hxg5 50. Kd2 Kd5 51. Kc3 g4 52. Kd2 Kc6 53. Ke2 Kd5 54. g3 1-0


[Site "https://www.chess.com"]

[Event "Titled Tuesday Blitz March 28 Early 2023"]
[White "Melian, Juan Sebastian"]
[Black "Rosenberg, Evan S"]
[WhiteFideId "3706575"]
[BlackFideId "2019299"]
[WhiteElo "2031"]
[BlackElo "2341"]
[Result "0-1"]
[Round "10"]
[TimeControl "180+2"]
[Date "2023.03.28"]
[WhiteClock "0:00:21"]
[BlackClock "0:00:24"]

1. d4 d5 2. Nf3 Bf5 3. c4 e6 4. Nc3 Nf6 5. Bg5 c6 6. e3 Nbd7 7. Bd3 Bxd3 8. Qxd3 Be7 9. O-O O-O 10. Rab1 h6 11. Bh4 Qa5 12. c5 Rfe8 13. b4 Qd8 14. b5 e5 15. Nxe5 Nxe5 16. dxe5 Nd7 17. Bxe7 Qxe7 18. f4 Nxc5 19. Qd2 Rad8 20. bxc6 bxc6 21. Ne2 Ne4 22. Qc1 c5 23. Rd1 Qe6 24. Nc3 Nxc3 25. Qxc3 Rc8 26. Rb5 d4 27. exd4 cxd4 28. Qxd4 Qxa2 29. Rd5 Rc2 30. Rd2 Rc1+ 31. Kf2 Qb1 32. Kg3 Re6 33. Rd8+ Kh7 34. Qd3+ Rg6+ 35. Kh3 Rc3 36. f5 Rxd3+ 37. R8xd3 Rg5 38. e6 fxe6 39. fxe6 Re5 40. Kg3 Rxe6 41. h3 Qe1+ 42. Kh2 a5 43. Rd7 a4 44. R2d4 a3 45. Rg4 Qe5+ 46. Kh1 a2 47. Ra7 0-1


[Site "https://www.chess.com"]

[Event "Titled Tuesday Blitz March 28 Early 2023"]
[White "Lukas2010"]
[Black "EdmundPlayer"]
[WhiteElo "2527"]
[BlackElo "2269"]
[Result "1-0"]
[Round "10"]
[TimeControl "180+2"]
[Date "2023.03.28"]
[WhiteClock "0:00:12"]
[BlackClock "0:00:01"]

1. e4 e5 2. Nf3 Nc6 3. Bb5 a6 4. Ba4 Nf6 5. O-O b5 6. Bb3 Bc5 7. c3 d6 8. a4 Bb7 9. d3 h6 10. Nbd2 O-O 11. Re1 Bb6 12. Nf1 Re8 13. Ng3 Ne7 14. Nh4 c5 15. Qf3 Kh7 16. Nh5 Nxh5 17. Qxh5 c4 18. dxc4 Ng6 19. Nf5 bxc4 20. Bxc4 Qf6 21. h4 Nh8 22. a5 Bc5 23. b4 Ba7 24. Bg5 Qg6 25. Qxg6+ fxg6 26. Nxd6 hxg5 27. Nxb7 Nf7 28. Bxf7 Re7 29. Bd5 Rf8 30. Re2 gxh4 31. Nc5 g5 32. Rd1 g4 33. Rd3 Rf6 34. Kf1 Re8 35. Ke1 Rd8 36. Red2 1-0


[Site "https://www.chess.com"]

[Event "Titled Tuesday Blitz March 28 Early 2023"]
[White "Sousa, Andre Ventura"]
[Black "Delorme, Alban"]
[WhiteFideId "1917617"]
[BlackFideId "623636"]
[WhiteElo "2348"]
[BlackElo "2196"]
[Result "1-0"]
[Round "10"]
[TimeControl "180+2"]
[Date "2023.03.28"]
[WhiteClock "0:00:32"]
[BlackClock "0:00:04"]

1. d4 Nf6 2. Nf3 g6 3. b3 Bg7 4. Bb2 O-O 5. e3 d6 6. Be2 c5 7. dxc5 dxc5 8. Qxd8 Rxd8 9. Na3 Nc6 10. O-O Ne4 11. Bxg7 Kxg7 12. Bd3 Nd6 13. c3 Bf5 14. Bxf5 gxf5 15. Rac1 Ne4 16. Nb1 Kf6 17. Rfd1 a5 18. Rxd8 Rxd8 19. Kf1 a4 20. Ke2 axb3 21. axb3 Na5 22. b4 Nb3 23. Rc2 Ra8 24. bxc5 Ra1 25. Nfd2 Nbxd2 26. Nxd2 Nxc5 27. Rb2 Ra6 28. Rb5 Rc6 29. c4 b6 30. Kd1 Ne4 31. Nxe4+ fxe4 32. Rh5 Rxc4 33. Rxh7 Ra4 34. Rh6+ Ke5 35. Rxb6 Ra1+ 36. Kc2 Rf1 37. Rb5+ Kf6 38. Kc3 Rxf2 39. Rb2 Rf1 40. Kd4 Rh1 41. h3 Kg5 42. Kxe4 e6 43. Kf3 Rf1+ 44. Kg3 Re1 45. Kf2 Rc1 46. Kf3 f5 47. Re2 e5 48. Kf2 e4 49. Rb2 Rd1 50. Rb8 Rd2+ 51. Kg3 Re2 52. Rg8+ Kf6 53. Rf8+ Kg6 54. Kf4 Rxg2 55. Rg8+ 1-0


[Site "https://www.chess.com"]

[Event "Titled Tuesday Blitz March 28 Early 2023"]
[White "Forgacs, Attila Jr."]
[Black "Weetik, Vjacheslav"]
[WhiteFideId "773654"]
[BlackFideId "4153472"]
[WhiteElo "2168"]
[BlackElo "2469"]
[Result "0-1"]
[Round "10"]
[TimeControl "180+2"]
[Date "2023.03.28"]
[WhiteClock "0:00:03"]
[BlackClock "0:00:03"]

1. e4 c6 2. d4 d6 3. c3 h6 4. Nf3 Nd7 5. Bd3 g5 6. O-O Bg7 7. Re1 Nf8 8. Nbd2 Ng6 9. Nf1 g4 10. N3d2 h5 11. Nc4 h4 12. e5 b5 13. Bxg6 fxg6 14. Qd3 Bf5 15. Nxd6+ exd6 16. exd6+ Kf7 17. Qd1 Qxd6 18. Ne3 Nf6 19. Qb3+ Be6 20. Qc2 g3 21. fxg3 hxg3 22. h3 Rae8 23. a4 b4 24. cxb4 Qxd4 25. Bd2 Qe4 26. Qc5 Rh5 27. Qxa7+ Re7 28. Qb6 Qd3 29. Bc3 Ne4 30. Rf1+ Nf2 31. Qxc6 Qxe3 32. Qf3+ Qxf3 33. gxf3 Bxh3 34. Rfe1 Bxc3 35. Rxe7+ Kxe7 36. bxc3 Nd3 37. a5 Nf4 38. Ra2 Bf5 39. a6 g2 40. Kf2 Rh1 0-1


[Site "https://www.chess.com"]

[Event "Titled Tuesday Blitz March 28 Early 2023"]
[White "Skvortsov, Andrei"]
[Black "Nguyen Hong Nhung"]
[WhiteFideId "24108600"]
[BlackFideId "12412201"]
[WhiteElo "2259"]
[BlackElo "1904"]
[Result "1-0"]
[Round "10"]
[TimeControl "180+2"]
[Date "2023.03.28"]
[WhiteClock "0:01:13"]
[BlackClock "0:00:52"]

1. d4 f5 2. g3 Nf6 3. Bg2 g6 4. Nd2 Bg7 5. e4 fxe4 6. Nxe4 O-O 7. Ne2 Nxe4 8. Bxe4 d5 9. Bg2 c5 10. dxc5 Qa5+ 11. c3 e6 12. Be3 Nd7 13. O-O Qc7 14. b4 a5 15. Nd4 Ne5 16. Bf4 Qf7 17. Re1 Nc4 18. Nxe6 Bxe6 19. Rxe6 Rad8 20. Rd6 Rxd6 21. cxd6 Nb6 22. Be3 Bxc3 23. Bxb6 d4 24. Bxd4 Bxa1 25. Bxa1 Qxf2+ 26. Kh1 Re8 27. Bc3 Re3 28. d7 1-0


[Site "https://www.chess.com"]

[Event "Titled Tuesday Blitz March 28 Early 2023"]
[White "Rendle, Thomas E"]
[Black "Vivas Zamora, Fabian Ernesto"]
[WhiteFideId "408760"]
[BlackFideId "3902480"]
[WhiteElo "2428"]
[BlackElo "2262"]
[Result "1-0"]
[Round "10"]
[TimeControl "180+2"]
[Date "2023.03.28"]
[WhiteClock "0:01:01"]
[BlackClock "0:00:02"]

1. Nf3 Nf6 2. b3 g6 3. Bb2 Bg7 4. g3 O-O 5. Bg2 d5 6. c4 Nc6 7. cxd5 Nxd5 8. Bxg7 Kxg7 9. Qc2 e5 10. Nc3 f6 11. O-O Be6 12. Ne4 Ndb4 13. Qc3 a5 14. Nc5 Bc8 15. Rfd1 b6 16. Ne4 Bb7 17. d4 exd4 18. Nxd4 Nxd4 19. Rxd4 Qe7 20. Nxf6 Rxf6 21. Bxb7 Raf8 22. Bf3 c5 23. Rd2 Kg8 24. a3 Nc6 25. Bd5+ Kg7 26. Bxc6 1-0


[Site "https://www.chess.com"]

[Event "Titled Tuesday Blitz March 28 Early 2023"]
[White "QuiesPrecatio"]
[Black "Kadam, Om Manish"]
[BlackFideId "45076294"]
[WhiteElo "2449"]
[BlackElo "2221"]
[Result "1-0"]
[Round "10"]
[TimeControl "180+2"]
[Date "2023.03.28"]
[WhiteClock "0:00:31"]
[BlackClock "0:01:10"]

1. e4 g6 2. h4 d5 3. exd5 Nf6 4. Nc3 Nxd5 5. h5 Nxc3 6. bxc3 Bg7 7. hxg6 hxg6 8. Rxh8+ Bxh8 9. Bc4 Nc6 10. Qf3 Ne5 11. Qe2 Nxc4 12. Qxc4 c6 13. Nf3 Bf6 14. Ba3 Be6 15. Qf4 Qd5 16. Qc7 Qe4+ 17. Kf1 b6 18. d3 Qd5 19. c4 Qd7 20. Qxd7+ Kxd7 21. Re1 Rh8 22. Kg1 c5 23. Ne5+ Kd6 24. Nf3 Bc3 25. Rb1 Bg4 26. Ng5 Rf8 27. Ne4+ Kc6 28. Nxc3 e5 29. Nd5 Be6 30. Nf6 Rh8 31. Bb2 Rd8 32. Bxe5 a6 33. Ne4 b5 34. cxb5+ axb5 35. Bf6 Ra8 36. Be7 Rxa2 37. Bxc5 Rxc2 38. Ba3 Ra2 39. Bb4 Ra4 40. Kf1 Bf5 41. Ke2 Ra2+ 42. Ke3 Be6 43. Rc1+ Kb6 44. g3 f5 45. Nc5 Bc8 46. Nb3 Bb7 47. Bc5+ Kc6 48. Bd4+ Kd6 49. Rc5 Bc6 50. Rc1 g5 51. Ra1 Rc2 52. Rb1 Ra2 53. Rb2 Ra4 54. f4 gxf4+ 55. gxf4 Bd5 56. Nc5 Ra1 57. Rxb5 Re1+ 58. Kd2 Rf1 59. Rb6+ Kc7 60. Na6+ Kd7 61. Be5 Ke7 62. Nb4 Be6 63. Nc6+ Ke8 64. Nd4 Bd7 65. Rb8+ Ke7 66. Rb7 Ke8 67. Nb5 Rf2+ 68. Ke3 Rh2 69. Nd6+ Ke7 70. Nxf5+ Ke8 71. Nd6+ Ke7 72. Ne4 Kd8 73. Nc5 Rh3+ 74. Kd4 Bf5 75. Bf6+ Kc8 76. Rg7 Rf3 77. Ke5 Bxd3 78. Nxd3 Rxd3 79. Be7 1-0


[Site "https://www.chess.com"]

[Event "Titled Tuesday Blitz March 28 Early 2023"]
[White "Sielecki, Christof"]
[Black "Zheenbekov, Nurgazy"]
[WhiteFideId "4620437"]
[BlackFideId "13800485"]
[WhiteElo "2443"]
[BlackElo "1975"]
[Result "0-1"]
[Round "10"]
[TimeControl "180+2"]
[Date "2023.03.28"]
[WhiteClock "0:00:15"]
[BlackClock "0:00:55"]

1. e4 e5 2. Nf3 Nc6 3. Bb5 a6 4. Ba4 Nf6 5. d3 b5 6. Bb3 Be7 7. a4 Bb7 8. Nc3 b4 9. Nd5 O-O 10. Nxe7+ Qxe7 11. O-O h6 12. Nh4 Nd4 13. Ng6 Qd8 14. Nxf8 Qxf8 15. Bc4 c5 16. c3 Ne6 17. Be3 d5 18. exd5 Nxd5 19. cxb4 cxb4 20. Rc1 Qd6 21. Qg4 Ndf4 22. Bxf4 Nxf4 23. Qf5 Rf8 24. Rfe1 Nxg2 25. Rxe5 Nh4 26. Bxf7+ Kh8 27. Qe6 Nf3+ 28. Kf1 Qxe5 29. Qxe5 Nxe5 30. Bh5 Rxf2+ 0-1


[Site "https://www.chess.com"]

[Event "Titled Tuesday Blitz March 28 Early 2023"]
[White "Sowul, Bartosz"]
[Black "Richter, Nils"]
[WhiteFideId "1137590"]
[BlackFideId "12990809"]
[WhiteElo "2188"]
[BlackElo "2381"]
[Result "1-0"]
[Round "10"]
[TimeControl "180+2"]
[Date "2023.03.28"]
[WhiteClock "0:00:26"]
[BlackClock "0:00:39"]

1. e4 c5 2. Nc3 e5 3. Bc4 Nc6 4. Nge2 a6 5. a4 g6 6. d3 Bg7 7. f4 d6 8. O-O Be6 9. Nd5 Nge7 10. c3 O-O 11. Ng3 exf4 12. Bxf4 Ne5 13. Qd2 Nxd5 14. Bxd5 Bxd5 15. exd5 Qb6 16. a5 Qb5 17. c4 Qd7 18. Ne4 Rad8 19. Bg5 Rde8 20. Bf6 Ng4 21. Bxg7 Kxg7 22. h3 Ne5 23. Qg5 f5 24. Ng3 Qe7 25. Nh5+ Kh8 26. Qxe7 Rxe7 27. Nf4 Nxd3 28. Nxd3 Re3 29. Rf3 f4 30. Rxe3 fxe3 31. Re1 Re8 32. b3 Kg7 33. Nf4 Re4 34. Ne6+ Kf6 35. Kf1 Re5 36. Ke2 g5 37. Rf1+ Kg6 38. Rf3 h5 39. g4 Rf5 40. gxf5+ 1-0


[Site "https://www.chess.com"]

[Event "Titled Tuesday Blitz March 28 Early 2023"]
[White "Ordekalog"]
[Black "Fernandez Garcia, Gumersindo"]
[BlackFideId "24516740"]
[WhiteElo "2557"]
[BlackElo "2093"]
[Result "0-1"]
[Round "10"]
[TimeControl "180+2"]
[Date "2023.03.28"]
[WhiteClock "0:00:01"]
[BlackClock "0:00:43"]

1. e4 d6 2. d3 Nf6 3. f4 e5 4. Nf3 Nc6 5. Be2 Bg4 6. O-O Be7 7. h3 Bxf3 8. Bxf3 Nd4 9. Be3 Nxf3+ 10. Qxf3 Qd7 11. c4 exf4 12. Bxf4 O-O 13. Nc3 c6 14. Rad1 Rad8 15. g4 Ne8 16. Be3 b6 17. a4 Nc7 18. Qf5 Qxf5 19. gxf5 d5 20. Bf4 Bd6 21. e5 Bb4 22. e6 Rc8 23. Bxc7 Rxc7 24. cxd5 Bxc3 25. d6 Bd4+ 26. Kg2 Rb7 27. d7 Bf6 28. Rde1 Rd8 29. b3 c5 30. Re4 Kf8 31. Rfe1 fxe6 32. fxe6 Ke7 33. Kf3 Rc7 34. Rg4 Rc6 35. Rge4 Rd6 36. R1e3 Rf8 37. Ke2 Bd4 38. Rg3 g6 39. Rf3 Rxf3 40. Kxf3 Bf6 41. Ke2 a6 42. Ke3 Bg5+ 43. Ke2 Kd8 44. Re5 Be7 45. Re4 Kc7 46. Ke3 Rd5 47. Ke2 Kd6 48. Re3 Re5 49. Kf3 Rxe3+ 0-1


[Site "https://www.chess.com"]

[Event "Titled Tuesday Blitz March 28 Early 2023"]
[White "Degenbaev, Aziz"]
[Black "Vaglio Munoz, Jaime"]
[WhiteFideId "13802640"]
[BlackFideId "6500145"]
[WhiteElo "2152"]
[BlackElo "2199"]
[Result "0-1"]
[Round "10"]
[TimeControl "180+2"]
[Date "2023.03.28"]
[WhiteClock "0:01:32"]
[BlackClock "0:00:37"]

1. e4 e6 2. d4 d5 3. Nc3 dxe4 4. Nxe4 Nf6 5. Nxf6+ Qxf6 6. Nf3 h6 7. Bd3 Nc6 8. Be3 Bd6 9. c3 O-O 10. Qe2 e5 11. O-O-O Bg4 12. Be4 exd4 13. cxd4 Rfe8 14. Bxc6 bxc6 15. h3 Be6 16. Qc2 Bxa2 17. Qxc6 Qf5 18. Qa4 Qb1+ 19. Kd2 Qxb2+ 20. Qc2 Bb4+ 21. Kd3 Qa3+ 22. Ke2 Bb3 23. Qc6 Ba4 24. Qc4 Qb2+ 25. Kd3 Rab8 26. Rb1 Qa3+ 27. Ke2 Bb5 28. Qxb5 Rxb5 29. Ne5 Qa2+ 30. Kf3 f6 31. Nd3 a5 32. Nxb4 axb4 33. Ra1 Qd5+ 34. Kg3 b3 35. Rhb1 b2 36. Ra3 Qd6+ 37. Kh4 Qxa3 38. Rxb2 Qxb2 39. Bxh6 gxh6 40. g3 Qxd4+ 41. g4 Qxf2# 0-1


[Site "https://www.chess.com"]

[Event "Titled Tuesday Blitz March 28 Early 2023"]
[White "Zacurdajev, Dmitry"]
[Black "lemayvega"]
[WhiteFideId "4196309"]
[WhiteElo "2179"]
[BlackElo "2520"]
[Result "1-0"]
[Round "10"]
[TimeControl "180+2"]
[Date "2023.03.28"]
[WhiteClock "0:00:43"]
[BlackClock "0:00:01"]

1. d4 Nf6 2. c4 g6 3. Nc3 d5 4. cxd5 Nxd5 5. e4 Nxc3 6. bxc3 Bg7 7. Nf3 O-O 8. Be3 c5 9. Qd2 Qa5 10. Rb1 cxd4 11. cxd4 Qxd2+ 12. Kxd2 Rd8 13. Bc4 Nc6 14. d5 e6 15. Ke2 exd5 16. Bxd5 h6 17. Rhc1 Re8 18. Nd2 Na5 19. Nc4 Nxc4 20. Rxc4 Be6 21. Rxb7 Bxd5 22. exd5 Red8 23. Rcc7 Rxd5 24. Rxf7 Bf8 25. Rf6 g5 26. Rg6+ Kh8 27. Bc1 Re8+ 28. Kf3 1-0


[Site "https://www.chess.com"]

[Event "Titled Tuesday Blitz March 28 Early 2023"]
[White "Devaev, Alexander"]
[Black "Shevtchenko, Olesya"]
[WhiteFideId "4169395"]
[BlackFideId "24131890"]
[WhiteElo "2225"]
[BlackElo "2003"]
[Result "0-1"]
[Round "10"]
[TimeControl "180+2"]
[Date "2023.03.28"]
[WhiteClock "0:00:20"]
[BlackClock "0:01:07"]

1. d4 Nf6 2. Nf3 e6 3. c4 d5 4. Nc3 c5 5. cxd5 cxd4 6. Qxd4 exd5 7. e3 Be7 8. Bb5+ Nc6 9. O-O O-O 10. Bxc6 bxc6 11. Qd3 Qc7 12. b3 a5 13. Rd1 Bg4 14. Ne2 Bxf3 15. gxf3 Qe5 16. Bd2 Qh5 17. Kg2 Bd6 18. Ng3 Qe5 19. Rac1 Rfc8 20. Rg1 Qe6 21. Nf5 Ba3 22. Rc2 Ne4 23. Nxg7 Kxg7 24. fxe4 Rg8 25. Kh1+ Kh6 26. exd5 Rxg1+ 27. Kxg1 Rg8+ 28. Kf1 Qh3+ 29. Ke2 Qh5+ 30. f3 Rg2+ 31. Ke1 Rg1+ 32. Kf2 Qxh2# 0-1


[Site "https://www.chess.com"]

[Event "Titled Tuesday Blitz March 28 Early 2023"]
[White "Yelisieiev, Yevhenii"]
[Black "Shvedova, Alexandra"]
[WhiteFideId "14139642"]
[BlackFideId "54154782"]
[WhiteElo "2447"]
[BlackElo "2057"]
[Result "1-0"]
[Round "10"]
[TimeControl "180+2"]
[Date "2023.03.28"]
[WhiteClock "0:00:05"]
[BlackClock "0:00:07"]

1. d4 Nf6 2. Nf3 d5 3. e3 c6 4. Bd3 g6 5. O-O Bg7 6. b3 O-O 7. Bb2 Nbd7 8. Ne5 Ne4 9. f3 Nd6 10. Nd2 f6 11. Ng4 e5 12. c4 e4 13. fxe4 dxe4 14. c5 exd3 15. cxd6 Nb6 16. Ba3 Nd5 17. d7 Bxd7 18. Bxf8 Qxf8 19. e4 Nc3 20. Qf3 Ne2+ 21. Kh1 Bxg4 22. Qxg4 Nxd4 23. Rad1 Qe7 24. Nf3 Ne6 25. e5 f5 26. Qc4 Rd8 27. Rxd3 Rxd3 28. Qxd3 h6 29. Qd6 Qe8 30. Re1 Kh7 31. Nd4 Nf4 32. e6 Nd3 33. Qd7 Qb8 34. e7 Nf2+ 35. Kg1 Ng4 36. Nf3 a6 37. h3 Qa7+ 38. Kh1 Nf2+ 39. Kh2 Qb8+ 40. Kg1 Qa7 41. e8=Q Nxh3+ 42. Kh2 Nf2 43. Qxg7+ Kxg7 44. Re7+ Kf6 45. Qf7# 1-0


[Site "https://www.chess.com"]

[Event "Titled Tuesday Blitz March 28 Early 2023"]
[White "Turzo, Attila"]
[Black "Kopczynski, Michal"]
[WhiteFideId "704954"]
[BlackFideId "1124200"]
[WhiteElo "2501"]
[BlackElo "2212"]
[Result "1-0"]
[Round "10"]
[TimeControl "180+2"]
[Date "2023.03.28"]
[WhiteClock "0:00:50"]
[BlackClock "0:00:03"]

1. e4 c5 2. Nc3 g6 3. f4 Bg7 4. Nf3 e6 5. e5 Ne7 6. Ne4 O-O 7. Nd6 Nf5 8. Nxf5 gxf5 9. Be2 d6 10. exd6 Qxd6 11. d3 Nc6 12. O-O b6 13. c3 Bb7 14. Be3 Rad8 15. Qc2 Kh8 16. Rad1 Rg8 17. g3 Qd5 18. Rf2 Qxa2 19. Bf1 Ne7 20. Bg2 Bxf3 21. Bxf3 c4 22. Rfd2 Nd5 23. Bf2 cxd3 24. Rxd3 Rc8 25. Bxd5 exd5 26. Bd4 Bxd4+ 27. Rxd4 Rge8 28. Ra4 Re2 29. Qxe2 Qxa4 30. Rxd5 Qe4 31. Qxe4 fxe4 32. Re5 Rc4 33. Kf2 Kg7 34. Ke3 a5 35. Rxe4 Rc5 36. Re5 Rc4 37. Kd3 Rc7 38. Rb5 Rc6 39. g4 Kf6 40. h4 Ke6 41. g5 Rd6+ 42. Ke4 Rc6 43. f5+ Kd6 44. h5 Rc4+ 45. Kf3 Kc6 46. Re5 Rh4 47. h6 Rh3+ 48. Kg2 Rh5 49. f6 Kd6 50. Rf5 Kc6 51. c4 Kd6 52. b3 Kc6 53. Re5 Kd6 54. Rd5+ Kc6 55. Kg3 Rh1 56. Re5 Rb1 57. Re7 Rxb3+ 58. Kg4 a4 59. Rxf7 a3 60. Ra7 Rb4 61. f7 Rxc4+ 62. Kf5 a2 63. f8=Q Rc1 64. Qc8+ 1-0


[Site "https://www.chess.com"]

[Event "Titled Tuesday Blitz March 28 Early 2023"]
[White "Meunier-Pion, Jean"]
[Black "Jumanov, Elbek"]
[WhiteFideId "20685327"]
[BlackFideId "14202905"]
[WhiteElo "2124"]
[BlackElo "2055"]
[Result "0-1"]
[Round "10"]
[TimeControl "180+2"]
[Date "2023.03.28"]
[WhiteClock "0:00:17"]
[BlackClock "0:00:22"]

1. e4 c5 2. Nf3 e6 3. d4 cxd4 4. Nxd4 Nf6 5. Nc3 d6 6. g4 h6 7. h4 Nc6 8. Rg1 h5 9. g5 Ng4 10. Bb5 Bd7 11. f3 Nge5 12. Be3 a6 13. Be2 Rc8 14. f4 Nxd4 15. Qxd4 Nc6 16. Qd2 g6 17. f5 exf5 18. Bd4 Ne5 19. Bxe5 dxe5 20. Nd5 Bg7 21. O-O-O O-O 22. Nf6+ Bxf6 23. gxf6 Ba4 24. b3 Qxf6 25. bxa4 fxe4 26. Qg5 Qc6 27. Rd2 Qc3 28. Kb1 Rc6 29. Bxh5 Rb6+ 30. Kc1 Qa1# 0-1


[Site "https://www.chess.com"]

[Event "Titled Tuesday Blitz March 28 Early 2023"]
[White "Lehtosaari, Mauri"]
[Black "Senft, Sean"]
[WhiteFideId "501999"]
[BlackFideId "2044960"]
[WhiteElo "2499"]
[BlackElo "1989"]
[Result "1-0"]
[Round "10"]
[TimeControl "180+2"]
[Date "2023.03.28"]
[WhiteClock "0:01:41"]
[BlackClock "0:01:17"]

1. d4 d5 2. Nf3 c6 3. Bg5 Nf6 4. Nbd2 Ne4 5. Bf4 g6 6. e3 Nxd2 7. Qxd2 Bg7 8. Be5 Bxe5 9. Nxe5 Nd7 10. Nf3 Nf6 11. Bd3 Bf5 12. Bxf5 gxf5 13. Qb4 Qb6 14. Qxb6 axb6 15. a3 Nd7 16. c3 f6 17. Nh4 e6 18. g3 b5 19. Ke2 Ke7 20. Ng2 e5 21. Nh4 Ke6 22. Rhg1 Rhg8 23. h3 h5 24. Nf3 b6 25. Nd2 c5 26. Nb3 Kd6 27. Rad1 Nb8 28. Nd2 Nc6 29. dxe5+ fxe5 30. Nf3 e4 31. Nh4 Ke6 32. Ng2 b4 33. Nf4+ Kf6 34. Nxd5+ Ke5 35. Nxb6 Ra6 36. Nd7+ Ke6 37. Nxc5+ 1-0


[Site "https://www.chess.com"]

[Event "Titled Tuesday Blitz March 28 Early 2023"]
[White "Jaskolka, Tomasz"]
[Black "Melikhov, Evgeny V."]
[WhiteFideId "1170791"]
[BlackFideId "4122046"]
[WhiteElo "2155"]
[BlackElo "2158"]
[Result "1-0"]
[Round "10"]
[TimeControl "180+2"]
[Date "2023.03.28"]
[WhiteClock "0:00:41"]
[BlackClock "0:01:22"]

1. e4 e5 2. Nf3 Nc6 3. Bc4 Nf6 4. Ng5 d5 5. exd5 Na5 6. Bb5+ c6 7. dxc6 bxc6 8. Bd3 Ng4 9. h4 Bc5 10. Ne4 Qd4 11. Qf3 O-O 12. c3 Qd5 13. b4 Bxf2+ 14. Nxf2 Nxf2 15. Kxf2 Nb7 16. Qxd5 cxd5 17. Bb2 e4 18. Be2 f5 19. c4 Be6 20. cxd5 Bxd5 21. Nc3 Be6 22. Nb5 Rf7 23. Rac1 Bxa2 24. h5 h6 25. Ra1 Bb3 26. Rxa7 Rxa7 27. Nxa7 Nd6 28. Nc6 Nc4 29. Bxc4 Bxc4 30. Ne5 Rc7 31. Rc1 1-0


[Site "https://www.chess.com"]

[Event "Titled Tuesday Blitz March 28 Early 2023"]
[White "Iljin, Timofey"]
[Black "Ronka, Erik"]
[WhiteFideId "14110180"]
[BlackFideId "505080"]
[WhiteElo "2397"]
[BlackElo "2264"]
[Result "1/2-1/2"]
[Round "10"]
[TimeControl "180+2"]
[Date "2023.03.28"]
[WhiteClock "0:00:03"]
[BlackClock "0:00:06"]

1. e4 e5 2. Nf3 d6 3. d4 exd4 4. Nxd4 Nf6 5. Nc3 Be7 6. f3 O-O 7. Be3 Re8 8. Be2 d5 9. O-O dxe4 10. fxe4 Nbd7 11. Nf5 Ne5 12. Nxe7+ Qxe7 13. Bg5 Qc5+ 14. Kh1 Nfg4 15. Bxg4 Nxg4 16. Qf3 Be6 17. Bh4 c6 18. h3 Ne5 19. Qg3 Ng6 20. Bg5 Qe5 21. Qxe5 Nxe5 22. Rad1 f6 23. Bf4 Nc4 24. b3 Nb6 25. Rd2 Rad8 26. Rfd1 Rxd2 27. Rxd2 Kf7 28. a4 g5 29. Be3 Nc8 30. g4 Ne7 31. Kg2 a6 32. a5 Ng6 33. Na4 Rh8 34. Nc5 Bc8 35. Nxb7 Be6 36. Nd6+ Ke7 37. Bc5 h5 38. Nf5+ Kf7 39. Rd6 Nf4+ 40. Kf1 Nxh3 41. gxh5 Rxh5 42. Rxe6 Kxe6 43. Ng7+ Ke5 44. Nxh5 Kxe4 45. Ke2 Kd5 46. Be3 f5 47. Kf3 g4+ 48. Kg3 Ke4 49. Bd2 Ng1 50. Nf6+ Kd4 51. Kf4 Ne2+ 52. Kxf5 g3 53. Be1 g2 54. Bf2+ Kc3 55. Ne4+ Kxc2 56. Nc5 Kc3 57. Ke6 Kb4 58. Kd6 Kxa5 59. Kxc6 Kb4 60. Kb6 a5 61. Ka6 g1=Q 62. Bxg1 Nxg1 63. Kb6 Ne2 64. Nd3+ Kxb3 65. Kxa5 1/2-1/2


[Site "https://www.chess.com"]